[Event "106th British-ch 2019"]
[Site "Torquay"]
[Date "2019.07.29"]
[Round "3.19"]
[White "Brewer, Callum D"]
[Black "Crickmore, Neil Eg"]
[Result "1/2-1/2"]
[ECO "B22"]
[WhiteElo "2086"]
[BlackElo "2187"]
[Annotator "NA"]
[PlyCount "57"]
[EventDate "2019.07.27"]
[EventType "swiss"]
[EventCountry "GBR"]
[SourceTitle "playchess.com"]
[Source "ChessBase"]
[SourceQuality "1"]
[TimeControl "40/5400+30:1800+30"]

1. e4 c5 2. c3 g6 3. d4 cxd4 4. cxd4 d5 5. e5 Bg7 6. Nc3 Nc6 7. h3 f6 8. exf6 exf6 9. Nf3 Nge7 10. Be2 O-O 11. Bf4 a6 12. O-O b5 13. Qd2 Be6 14. Rac1 Na5 15. Bc7 Qxc7 16. Nxd5 Qd6 17. Nxe7+ Qxe7 18. Qxa5 Bh6 19. Rcd1 Bd5 20. Rfe1 Qb7 21. Qa3 Rac8 22. Bf1 Rc7 23. Nd2 Rfc8 24. Qd6 Kf7 25. Nb3 Bf8 26. Qg3 Rc2 27. Rb1 Qb6 28. Bd3 R2c7 29. Qh4 1/2-1/2

[Event "106th British-ch 2019"]
[Site "Torquay"]
[Date "2019.07.29"]
[Round "3.20"]
[White "Starley, Robert"]
[Black "Fernandez, Daniel Howard"]
[Result "0-1"]
[ECO "B96"]
[WhiteElo "2058"]
[BlackElo "2466"]
[Annotator "ChessBase"]
[PlyCount "138"]
[EventDate "2019.07.27"]
[EventType "swiss"]
[EventCountry "GBR"]
[SourceTitle "playchess.com"]
[Source "ChessBase"]
[SourceQuality "1"]
[TimeControl "40/5400+30:1800+30"]

1. e4 c5 2. Nf3 d6 3. d4 Nf6 4. Nc3 cxd4 5. Nxd4 a6 6. Bg5 e6 7. f4 h6 8. Bh4 Qb6 9. Qd2 Qxb2 10. Rb1 Qa3 11. Bc4 Qc5 12. Be2 Be7 13. Bf2 Qc7 14. O-O Nbd7 15. Bf3 g5 16. f5 Ne5 17. Be2 Bd7 18. Kh1 Rc8 19. fxe6 fxe6 20. Rb3 b5 21. Bg3 O-O 22. a3 Rf7 23. Bxe5 dxe5 24. Nf3 Rcf8 25. h3 Bc6 26. Bd3 Bc5 27. Qe1 g4 28. hxg4 Nxg4 29. Nd1 Rg7 30. c4 Qf7 31. cxb5 Bxb5 32. Bxb5 axb5 33. Nh2 Qg6 34. Rxf8+ Bxf8 35. Qe2 Nf6 36. Rh3 Qxe4 37. Re3 Qb1 38. Nf1 Rg5 39. Rxe5 Rxe5 40. Qxe5 Qxd1 41. Qxf6 Qh5+ 42. Nh2 Qf5 43. Qb2 Bd6 44. Qc1 Kf7 45. Qb2 Ke8 46. Qh8+ Kd7 47. Qg7+ Kc6 48. Qc3+ Kb7 49. Qb3 Qd5 50. Qxd5+ exd5 51. Nf3 Bxa3 52. Kg1 b4 53. Kf2 b3 54. Nd2 b2 55. Ke3 Be7 56. Kd3 Bg5 57. Nb1 h5 58. Kc2 Bf6 59. Nd2 h4 60. Kb1 Kc6 61. Kc2 Kd6 62. Kd3 Ke5 63. Kc2 Kf4 64. Nf1 Bc3 65. Kb1 d4 66. Kc2 d3+ 67. Kb1 d2 68. Nxd2 Bxd2 69. Kxb2 Kg3 0-1

[Event "106th British-ch 2019"]
[Site "Torquay"]
[Date "2019.07.29"]
[Round "3.22"]
[White "Villiers, Thomas"]
[Black "Hand, Freddie"]
[Result "0-1"]
[ECO "C28"]
[WhiteElo "2218"]
[BlackElo "2142"]
[Annotator "NA"]
[PlyCount "86"]
[EventDate "2019.07.27"]
[EventType "swiss"]
[EventCountry "GBR"]
[SourceTitle "playchess.com"]
[Source "ChessBase"]
[SourceQuality "1"]
[TimeControl "40/5400+30:1800+30"]

1. e4 e5 2. Nc3 Nf6 3. Bc4 Nc6 4. d3 Na5 5. f4 Nxc4 6. dxc4 Bb4 7. Qd3 d6 8. Nge2 O-O 9. f5 Nd7 10. Qg3 f6 11. Be3 Nb6 12. b3 Bc5 13. Bxc5 dxc5 14. Rd1 Qe7 15. Qe3 Bd7 16. O-O Bc6 17. Rd3 Rfd8 18. Rfd1 Rxd3 19. Rxd3 Nc8 20. Nd5 Bxd5 21. Rxd5 b6 22. Qd2 Nd6 23. Rxc5 Rc8 24. Rc6 Rd8 25. Qd5+ Nf7 26. Qe6 Qb4 27. c3 Qa3 28. Rxc7 Rf8 29. Kf2 Qxa2 30. Rc8 Qxb3 31. Kf3 a5 32. h4 a4 33. g4 Qd1 34. g5 fxg5 35. hxg5 Rxc8 36. Qxc8+ Qd8 37. Qe6 Kf8 38. Kf2 a3 39. c5 Nxg5 40. Qc4 b5 41. Qxb5 a2 42. Qa6 Nxe4+ 43. Kf3 a1=Q 0-1

[Event "106th British-ch 2019"]
[Site "Torquay"]
[Date "2019.07.29"]
[Round "3.23"]
[White "Ogunshola, Olugbemiga (Ben)"]
[Black "Moore, Graham J"]
[Result "1/2-1/2"]
[ECO "A29"]
[WhiteElo "2172"]
[BlackElo "2264"]
[Annotator "ChessBase"]
[PlyCount "185"]
[EventDate "2019.07.27"]
[EventType "swiss"]
[EventCountry "GBR"]
[SourceTitle "playchess.com"]
[Source "ChessBase"]
[SourceQuality "1"]
[TimeControl "40/5400+30:1800+30"]

1. c4 e5 2. Nc3 Nf6 3. Nf3 Nc6 4. g3 Bb4 5. Bg2 Bxc3 6. bxc3 Qe7 7. O-O O-O 8. d3 h6 9. Rb1 d6 10. Ne1 e4 11. Nc2 Ne5 12. Ne3 exd3 13. exd3 c6 14. h3 Ng6 15. Re1 Qc7 16. Qa4 Bd7 17. Ba3 b6 18. Qb4 c5 19. Qb3 Bc6 20. Nd5 Bxd5 21. cxd5 Rfe8 22. Qb5 Ne7 23. Kh2 Nd7 24. Qa6 Kf8 25. Bc1 Ng6 26. Be3 Re7 27. Qa4 Rc8 28. Re2 Nf6 29. Rbe1 Rce8 30. f4 Qd7 31. Qxd7 Nxd7 32. Bf3 Nf6 33. Kg2 Rb7 34. a4 Ne7 35. Bf2 Rbb8 36. c4 Nf5 37. g4 Nd4 38. Bxd4 cxd4 39. h4 Nd7 40. Be4 Nc5 41. Ra1 Re7 42. Kf3 Rbe8 43. h5 Nxd3 44. Bxd3 Re3+ 45. Rxe3 Rxe3+ 46. Kf2 Rxd3 47. a5 Rc3 48. axb6 axb6 49. Ra8+ Ke7 50. Ra7+ Kf6 51. Rd7 Rxc4 52. Rxd6+ Ke7 53. Rxb6 d3 54. Rb7+ Kd6 55. Rxf7 Re4 56. Ra7 d2 57. Ra1 Rxf4+ 58. Ke3 Rxg4 59. Kxd2 Rg5 60. Ke3 Kxd5 61. Kf4 Ke6 62. Re1+ Kf6 63. Rh1 Ra5 64. Kg4 Ra4+ 65. Kh3 Kf5 66. Rg1 Ra3+ 67. Kh4 Ra4+ 68. Kh3 Ra7 69. Kh4 Kf4 70. Rf1+ Ke3 71. Rg1 Kf2 72. Rb1 Re7 73. Ra1 Kf3 74. Rg1 Rd7 75. Ra1 Rd4+ 76. Kh3 Rd5 77. Kh4 Re5 78. Rg1 Re7 79. Ra1 Re2 80. Kh3 Re5 81. Kh4 Kf2 82. Ra2+ Kg1 83. Ra1+ Kg2 84. Ra2+ Kf3 85. Ra1 Rg5 86. Ra3+ Kf4 87. Ra4+ Kf5 88. Ra5+ Kf6 89. Ra6+ Kf7 90. Ra7+ Kg8 91. Ra8+ Kh7 92. Rb8 Rf5 93. Ra8 1/2-1/2

[Event "106th British-ch 2019"]
[Site "Torquay"]
[Date "2019.07.29"]
[Round "3.24"]
[White "Donaldson, Thomas"]
[Black "Wall, Tim P"]
[Result "1/2-1/2"]
[ECO "D56"]
[WhiteElo "2065"]
[BlackElo "2246"]
[Annotator "ChessBase"]
[PlyCount "123"]
[EventDate "2019.07.27"]
[EventType "swiss"]
[EventCountry "GBR"]
[SourceTitle "playchess.com"]
[Source "ChessBase"]
[SourceQuality "1"]
[TimeControl "40/5400+30:1800+30"]

1. d4 Nf6 2. c4 e6 3. Nc3 d5 4. Bg5 Be7 5. e3 h6 6. Bh4 O-O 7. Nf3 Ne4 8. Bxe7 Qxe7 9. Rc1 c6 10. Bd3 Nxc3 11. Rxc3 Nd7 12. O-O dxc4 13. Bxc4 b6 14. Qe2 Bb7 15. Ba6 Bxa6 16. Qxa6 c5 17. Rfc1 Rfd8 18. Qb7 Qd6 19. Qe4 Nf6 20. Qc2 cxd4 21. Nxd4 Nd5 22. Rc6 Qe5 23. Nf3 Qf6 24. a3 Rd7 25. Nd4 Rad8 26. h3 Qg5 27. Qe4 Nf6 28. Qc2 Qh5 29. Rc8 Qd5 30. Qa4 Rxc8 31. Rxc8+ Kh7 32. Qc2+ Qe4 33. f3 Qxc2 34. Rxc2 Nd5 35. Kf2 e5 36. Ne2 Nc7 37. g4 Ne6 38. Ng3 g6 39. Ne4 Kg7 40. Ke2 f5 41. Rd2 Rxd2+ 42. Nxd2 b5 43. b4 Kf6 44. h4 Ke7 45. Kd3 h5 46. g5 Kd6 47. Nb3 Kd5 48. Nd2 a6 49. Kc3 Nd8 50. Kd3 Nb7 51. e4+ Ke6 52. Nb3 fxe4+ 53. fxe4 Kd6 54. Kc3 Nd8 55. Nc1 Ne6 56. Nd3 Nf4 57. Ne1 Ne2+ 58. Kd2 Nd4 59. Kc3 Ne6 60. Kd2 Nf4 61. Ke3 Ke6 62. Kd2 1/2-1/2

[Event "106th British-ch 2019"]
[Site "Torquay"]
[Date "2019.07.29"]
[Round "3.25"]
[White "Ledger, Dave J"]
[Black "Longson, Sarah N"]
[Result "0-1"]
[ECO "C78"]
[WhiteElo "2168"]
[BlackElo "2095"]
[Annotator "NA"]
[PlyCount "112"]
[EventDate "2019.07.27"]
[EventType "swiss"]
[EventCountry "GBR"]
[SourceTitle "playchess.com"]
[Source "ChessBase"]
[SourceQuality "1"]
[TimeControl "40/5400+30:1800+30"]

1. e4 e5 2. Nf3 Nc6 3. Bb5 a6 4. Ba4 Nf6 5. O-O b5 6. Bb3 Bc5 7. a4 Rb8 8. c3 d6 9. d4 Bb6 10. a5 Ba7 11. h3 O-O 12. Be3 Ra8 13. Nbd2 exd4 14. cxd4 Nb4 15. Bg5 h6 16. Bh4 g5 17. Bg3 Bb7 18. Qb1 c5 19. e5 Nfd5 20. Ne4 c4 21. Nxd6 cxb3 22. Nxb7 Qd7 23. Nd6 Nc2 24. Qd1 Nxa1 25. Qxa1 Qe6 26. Qd1 Rad8 27. Qxb3 Nf4 28. Qe3 Ne2+ 29. Qxe2 Rxd6 30. Rd1 Rfd8 31. Qe3 Rd5 32. Rc1 Bxd4 33. Nxd4 Rxd4 34. h4 Rd1+ 35. Rxd1 Rxd1+ 36. Kh2 Qc4 37. hxg5 Qg4 38. Qf4 Qxf4 39. Bxf4 hxg5 40. Be3 b4 41. Bxg5 Rd5 42. Be7 b3 43. Bb4 Rb5 44. Bc3 Rc5 45. Bd4 Rc4 46. Bb6 Rc2 47. Bd4 Rd2 48. Bc3 Rxf2 49. Kg1 Rc2 50. Bd4 Rc4 51. Be3 Rc3 52. Bb6 Rd3 53. Bc5 Rd5 54. Bb4 Rd4 55. Ba3 Ra4 56. Bc5 Rxa5 0-1

[Event "106th British-ch 2019"]
[Site "Torquay"]
[Date "2019.07.29"]
[Round "3.26"]
[White "Holland, Chris Kd"]
[Black "Kahn, Tito"]
[Result "1-0"]
[ECO "A85"]
[WhiteElo "2143"]
[BlackElo "1921"]
[Annotator "NA"]
[PlyCount "81"]
[EventDate "2019.07.27"]
[EventType "swiss"]
[EventCountry "GBR"]
[SourceTitle "playchess.com"]
[Source "ChessBase"]
[SourceQuality "1"]
[TimeControl "40/5400+30:1800+30"]

1. c4 f5 2. Nc3 Nf6 3. d4 e6 4. Qc2 Bb4 5. e3 b6 6. f3 Bb7 7. Bd3 Nh5 8. Nh3 Qh4+ 9. Nf2 O-O 10. g3 Qe7 11. Qe2 c5 12. a3 Bxc3+ 13. bxc3 d5 14. O-O Nd7 15. cxd5 exd5 16. e4 Rae8 17. e5 g5 18. a4 Ng7 19. Ba3 Ne6 20. a5 Bc6 21. Rfb1 Qg7 22. Bb5 Bxb5 23. Qxb5 Rf7 24. axb6 axb6 25. Bb2 Rc8 26. Qa6 Rff8 27. Qb7 Nc7 28. Qc6 Rfd8 29. Ra7 Nxe5 30. dxe5 Qxe5 31. Qxb6 d4 32. cxd4 cxd4 33. Qh6 Rd6 34. Qxg5+ Rg6 35. Qd2 Nb5 36. Ra5 Rc5 37. Nd3 Qd6 38. Nxc5 Qxc5 39. Rc1 Qb6 40. Rxb5 Qxb5 41. Qxd4 1-0

[Event "106th British-ch 2019"]
[Site "Torquay"]
[Date "2019.07.29"]
[Round "3.27"]
[White "Jaufarally, Nadia"]
[Black "Krzyzanowski, Patryk"]
[Result "1/2-1/2"]
[ECO "B35"]
[WhiteElo "1944"]
[BlackElo "2114"]
[Annotator "ChessBase"]
[PlyCount "124"]
[EventDate "2019.07.27"]
[EventType "swiss"]
[EventCountry "GBR"]
[SourceTitle "playchess.com"]
[Source "ChessBase"]
[SourceQuality "1"]
[TimeControl "40/5400+30:1800+30"]

1. e4 c5 2. Nf3 g6 3. d4 cxd4 4. Nxd4 Nc6 5. Be3 Nf6 6. Nc3 Bg7 7. Bc4 Qa5 8. O-O O-O 9. Bb3 b5 10. a3 Ng4 11. Nxc6 dxc6 12. Bc5 Qc7 13. f4 a5 14. Qf3 Nf6 15. e5 Nd7 16. Bxe7 Nxe5 17. fxe5 Qxe7 18. Qxc6 Qa7+ 19. Kh1 Bd7 20. Qd5 Be6 21. Qxb5 Rab8 22. Qa4 Bxb3 23. cxb3 Qb6 24. b4 axb4 25. Nd5 Qd4 26. Ne7+ Kh8 27. Nc6 Qd7 28. axb4 Rbe8 29. Rfd1 Qc7 30. Rac1 Rc8 31. h3 Rfe8 32. Na7 Qxc1 33. Qxe8+ Rxe8 34. Rxc1 Bxe5 35. Re1 Re6 36. b5 f6 37. Nc6 Kg7 38. g4 h6 39. Kg2 Kf8 40. Kf3 Ke8 41. Re4 Kd7 42. Nxe5+ fxe5 43. Rb4 Rf6+ 44. Ke3 Rb6 45. Kd3 Kc7 46. Kc4 Rf6 47. Kd5 Rf4 48. Rb3 e4 49. Rc3+ Kb6 50. Rc6+ Kxb5 51. Rxg6 e3 52. Rxh6 Re4 53. Kxe4 e2 54. g5 e1=Q+ 55. Kf5 Qf2+ 56. Kg6 Kc6 57. Kh7+ Kd7 58. g6 Qf5 59. Kh8 Qf8+ 60. Kh7 Qf5 61. Kh8 Qf8+ 62. Kh7 Qf5 1/2-1/2

[Event "106th British-ch 2019"]
[Site "Torquay"]
[Date "2019.07.30"]
[Round "4.3"]
[White "Houska, Jovanka"]
[Black "Tan, Justin Hy"]
[Result "0-1"]
[ECO "D48"]
[WhiteElo "2422"]
[BlackElo "2513"]
[Annotator "ChessBase"]
[PlyCount "96"]
[EventDate "2019.07.27"]
[EventType "swiss"]
[EventCountry "GBR"]
[SourceTitle "playchess.com"]
[Source "ChessBase"]
[SourceQuality "1"]
[TimeControl "40/5400+30:1800+30"]

1. d4 Nf6 2. c4 e6 3. Nf3 d5 4. Nc3 c6 5. e3 Nbd7 6. Bd3 dxc4 7. Bxc4 b5 8. Bd3 Bb7 9. O-O a6 10. e4 c5 11. d5 Qc7 12. Qe2 c4 13. Bc2 Bd6 14. Bg5 O-O-O 15. dxe6 fxe6 16. Rad1 h6 17. Bc1 g5 18. Nd4 Nc5 19. b4 cxb3 20. axb3 Bxh2+ 21. Kh1 Be5 22. Be3 Bxd4 23. Rxd4 Rxd4 24. Bxd4 e5 25. Be3 Kb8 26. Nd5 Nxd5 27. exd5 Nd7 28. Rd1 Qd6 29. Bf5 Rd8 30. Bc1 Re8 31. Ba3 Qxa3 32. Bxd7 Re7 33. Be6 Qd6 34. Qc2 Ka7 35. Kg1 b4 36. Kh1 Rc7 37. Qg6 Rc5 38. Qf7 Kb6 39. Kg1 a5 40. Kh1 Rc3 41. Rb1 Rd3 42. Rc1 Rxb3 43. Bc8 Bxd5 44. Qh7 Rc3 45. Rxc3 bxc3 46. Qb1+ Kc5 47. Qa1 Kb4 48. Qb1+ Bb3 0-1

[Event "106th British-ch 2019"]
[Site "Torquay"]
[Date "2019.07.30"]
[Round "4.5"]
[White "Emms, John M"]
[Black "Pert, Richard G"]
[Result "1/2-1/2"]
[ECO "C03"]
[WhiteElo "2481"]
[BlackElo "2430"]
[Annotator "ChessBase"]
[PlyCount "90"]
[EventDate "2019.07.27"]
[EventType "swiss"]
[EventCountry "GBR"]
[SourceTitle "playchess.com"]
[Source "ChessBase"]
[SourceQuality "1"]
[TimeControl "40/5400+30:1800+30"]

1. e4 e6 2. d4 d5 3. Nd2 Be7 4. Bd3 c5 5. dxc5 Nf6 6. Qe2 O-O 7. Ngf3 a5 8. O-O Na6 9. e5 Nd7 10. c3 Naxc5 11. Bc2 b6 12. Re1 f6 13. exf6 Bxf6 14. Nb3 Ba6 15. Qd1 Ne4 16. a4 Ndc5 17. Nxc5 bxc5 18. Bxe4 dxe4 19. Qxd8 Rfxd8 20. Ng5 Bxg5 21. Bxg5 Rd5 22. Bf4 Bd3 23. c4 Bxc4 24. Rxe4 Rd4 25. f3 Rxe4 26. fxe4 Bd3 27. b3 Bxe4 28. Rc1 Rc8 29. Be3 Bd5 30. Rxc5 Rxc5 31. Bxc5 Bxb3 32. Bb6 Bxa4 33. Bxa5 Kf7 34. h4 Kf6 35. g3 Kf5 36. Kf2 Ke4 37. Bb6 Be8 38. Ba7 Bh5 39. Bb6 Bg4 40. Ba7 e5 41. Bb6 Kf5 42. Ba7 e4 43. Bd4 g5 44. hxg5 Kxg5 45. Be3+ Kf5 1/2-1/2

[Event "106th British-ch 2019"]
[Site "Torquay"]
[Date "2019.07.30"]
[Round "4.6"]
[White "Zapolskis, Antanas"]
[Black "Williams, Simon K"]
[Result "0-1"]
[ECO "B06"]
[WhiteElo "2290"]
[BlackElo "2468"]
[Annotator "ChessBase"]
[PlyCount "98"]
[EventDate "2019.07.27"]
[EventType "swiss"]
[EventCountry "GBR"]
[SourceTitle "playchess.com"]
[Source "ChessBase"]
[SourceQuality "1"]
[TimeControl "40/5400+30:1800+30"]

1. e4 g6 2. d4 Bg7 3. Nc3 d6 4. Be3 a6 5. a4 b6 6. Qd2 Bb7 7. f3 Nf6 8. Bh6 Bxh6 9. Qxh6 e5 10. dxe5 dxe5 11. Bc4 Nbd7 12. Nh3 Ng8 13. Qe3 Qh4+ 14. Nf2 Qh6 15. Qe2 Ngf6 16. O-O Qf8 17. Nd3 Qe7 18. f4 O-O 19. Nd5 Nxd5 20. exd5 e4 21. f5 Rae8 22. Rae1 Nf6 23. Kh1 Qd6 24. Nf4 a5 25. Bb5 Re5 26. fxg6 hxg6 27. c4 Kg7 28. Qf2 Rh8 29. Qg3 Bc8 30. h3 Rf5 31. Ne2 Rxf1+ 32. Rxf1 Qxg3 33. Nxg3 Rh4 34. Re1 Kf8 35. Kg1 Ke7 36. Kf2 Kd6 37. Ke3 Ke5 38. Nf1 Nd7 39. Kf2 f5 40. Nd2 Kd6 41. Nf3 Rh8 42. Ng5 Ne5 43. c5+ bxc5 44. g3 c4 45. Ke3 Kxd5 46. Rd1+ Kc5 47. Ba6 Bxa6 48. Ne6+ Kb6 49. Rd5 Nd3 0-1

[Event "106th British-ch 2019"]
[Site "Torquay"]
[Date "2019.07.30"]
[Round "4.7"]
[White "Wadsworth, Matthew J"]
[Black "Pein, Malcolm"]
[Result "1-0"]
[ECO "A24"]
[WhiteElo "2418"]
[BlackElo "2312"]
[Annotator "NA"]
[PlyCount "85"]
[EventDate "2019.07.27"]
[EventType "swiss"]
[EventCountry "GBR"]
[SourceTitle "playchess.com"]
[Source "ChessBase"]
[SourceQuality "1"]
[TimeControl "40/5400+30:1800+30"]

1. Nf3 Nf6 2. c4 g6 3. g3 Bg7 4. Bg2 O-O 5. O-O d6 6. Nc3 e5 7. d3 c6 8. Rb1 a5 9. a3 Re8 10. e4 Na6 11. b4 axb4 12. axb4 h6 13. b5 Nc5 14. Be3 Ra3 15. Bxc5 dxc5 16. Qc1 Ra8 17. bxc6 bxc6 18. Rd1 Bg4 19. Ra1 Nd7 20. Qe3 Qf6 21. Rdb1 Bxf3 22. Bxf3 h5 23. Bg2 Kh7 24. Bh3 Bh6 25. Qe2 Nf8 26. Na4 Qe7 27. Qb2 Kg8 28. Qb6 Bd2 29. Qxc6 Nh7 30. Nb6 Rxa1 31. Rxa1 Rb8 32. Nd5 Qb7 33. Qxc5 Qb2 34. Rf1 Ng5 35. Kg2 Bc3 36. Qe7 Nxh3 37. Kxh3 Bd4 38. Qf6 Bc5 39. Kg2 Qd4 40. f4 Rb2+ 41. Kh3 Qxd3 42. fxe5 Kh7 43. Qxf7+ 1-0

[Event "106th British-ch 2019"]
[Site "Torquay"]
[Date "2019.07.30"]
[Round "4.9"]
[White "Toma, Katarzyna"]
[Black "Ashton, Adam G"]
[Result "1/2-1/2"]
[ECO "C83"]
[WhiteElo "2229"]
[BlackElo "2323"]
[Annotator "NA"]
[PlyCount "55"]
[EventDate "2019.07.27"]
[EventType "swiss"]
[EventCountry "GBR"]
[SourceTitle "playchess.com"]
[Source "ChessBase"]
[SourceQuality "1"]
[TimeControl "40/5400+30:1800+30"]

1. e4 e5 2. Nf3 Nc6 3. Bb5 a6 4. Ba4 Nf6 5. O-O Nxe4 6. d4 b5 7. Bb3 d5 8. dxe5 Be6 9. c3 Be7 10. Re1 O-O 11. Nbd2 Nc5 12. Bc2 d4 13. Ne4 d3 14. Nxc5 dxc2 15. Qxd8 Raxd8 16. Nxe6 fxe6 17. Be3 Rf5 18. Rec1 Nxe5 19. Nxe5 Rxe5 20. Rxc2 Bc5 21. Bf4 Red5 22. Re1 Rd1 23. Kf1 Kf7 24. Bxc7 R8d2 25. Rxd2 Rxd2 26. Re2 Rd1+ 27. Re1 Rd2 28. Re2 1/2-1/2

[Event "106th British-ch 2019"]
[Site "Torquay"]
[Date "2019.07.30"]
[Round "4.10"]
[White "D'costa, Lorin Ar"]
[Black "Claridge-Hansen, William"]
[Result "1-0"]
[ECO "A57"]
[WhiteElo "2396"]
[BlackElo "2297"]
[Annotator "NA"]
[PlyCount "91"]
[EventDate "2019.07.27"]
[EventType "swiss"]
[EventCountry "GBR"]
[SourceTitle "playchess.com"]
[Source "ChessBase"]
[SourceQuality "1"]
[TimeControl "40/5400+30:1800+30"]

1. d4 Nf6 2. c4 c5 3. d5 b5 4. Qc2 bxc4 5. e4 e6 6. Bxc4 exd5 7. exd5 d6 8. Nc3 Be7 9. Nf3 O-O 10. O-O Nbd7 11. b3 Nb6 12. h3 Rb8 13. Qd3 Nxc4 14. bxc4 Ba6 15. a4 Nd7 16. Nb5 Rb7 17. Bf4 Bxb5 18. axb5 Nb6 19. Ra2 Bf6 20. Nd2 Re8 21. Nb3 Qe7 22. Bd2 g6 23. Na5 Rd7 24. Re1 Qf8 25. Nc6 Rxe1+ 26. Bxe1 Qh6 27. Bd2 Qh4 28. Rc2 Bd4 29. Ba5 Kg7 30. Kh2 Bxf2 31. g3 Bxg3+ 32. Qxg3 Qe4 33. Qc3+ f6 34. Bxb6 Qf4+ 35. Qg3 Qe4 36. Rf2 axb6 37. Qg4 Qe3 38. Qf3 Qg5 39. Qe4 f5 40. Qe6 Rf7 41. Qxd6 Qh4 42. Qf4 Qh5 43. Nd8 Ra7 44. Ne6+ Kf6 45. Qb8 Ra3 46. Qh8+ 1-0

[Event "106th British-ch 2019"]
[Site "Torquay"]
[Date "2019.07.30"]
[Round "4.11"]
[White "Willow, Jonah B"]
[Black "Pert, Nicholas"]
[Result "0-1"]
[ECO "B32"]
[WhiteElo "2343"]
[BlackElo "2563"]
[Annotator "ChessBase"]
[PlyCount "82"]
[EventDate "2019.07.27"]
[EventType "swiss"]
[EventCountry "GBR"]
[SourceTitle "playchess.com"]
[Source "ChessBase"]
[SourceQuality "1"]
[TimeControl "40/5400+30:1800+30"]

1. e4 c5 2. Nf3 Nc6 3. d4 cxd4 4. Nxd4 e5 5. Nb5 d6 6. N1c3 a6 7. Na3 Be7 8. Nc4 b5 9. Ne3 Nf6 10. g3 h5 11. Bg2 h4 12. O-O Rb8 13. Ncd5 Nxd5 14. exd5 Nd4 15. Qd3 g6 16. c3 Nf5 17. a4 hxg3 18. hxg3 Kf8 19. axb5 axb5 20. Nc2 Kg7 21. Nb4 Qg8 22. Nc6 Qh7 23. Re1 Rb7 24. Qf3 Bf6 25. Ra8 Ne7 26. Be3 Qh2+ 27. Kf1 Bf5 28. Rea1 Rxa8 29. Rxa8 Bd3+ 30. Ke1 e4 31. Qf4 g5 32. Qg4 Qxg2 33. Nxe7 Qh1+ 34. Kd2 Rxe7 35. Bxg5 e3+ 36. Bxe3+ Bg6 37. Qc8 Qxd5+ 38. Kc1 Qh1+ 39. Kd2 Qd5+ 40. Kc1 Qh1+ 41. Kd2 Rxe3 0-1

[Event "106th British-ch 2019"]
[Site "Torquay"]
[Date "2019.07.30"]
[Round "4.12"]
[White "Gordon, Stephen J"]
[Black "Jones, Steven A"]
[Result "1-0"]
[ECO "D20"]
[WhiteElo "2516"]
[BlackElo "2117"]
[Annotator "ChessBase"]
[PlyCount "77"]
[EventDate "2019.07.27"]
[EventType "swiss"]
[EventCountry "GBR"]
[SourceTitle "playchess.com"]
[Source "ChessBase"]
[SourceQuality "1"]
[TimeControl "40/5400+30:1800+30"]

1. d4 d5 2. c4 dxc4 3. e4 Nc6 4. Nf3 Bg4 5. d5 Ne5 6. Bf4 Ng6 7. Be3 e5 8. Bxc4 Bd6 9. O-O Nf6 10. Be2 O-O 11. Nfd2 Bd7 12. Nc3 Qe7 13. Rc1 Nf4 14. Nc4 Nxe2+ 15. Qxe2 Ng4 16. Bd2 f5 17. Nxd6 cxd6 18. exf5 Bxf5 19. f4 e4 20. h3 Nf6 21. g4 Bg6 22. f5 Bf7 23. Bg5 Rae8 24. Rcd1 h6 25. Bf4 a6 26. Qe3 Nd7 27. Rd4 Nf6 28. Qg3 Rd8 29. Re1 Rfe8 30. Qe3 b5 31. Red1 Qb7 32. g5 hxg5 33. Bxg5 Bh5 34. Bxf6 gxf6 35. R1d2 Rd7 36. Nxe4 Rg7+ 37. Kh2 Qe7 38. Qf4 Qe5 39. Qxe5 1-0

[Event "106th British-ch 2019"]
[Site "Torquay"]
[Date "2019.07.30"]
[Round "4.13"]
[White "Fernandez, Daniel Howard"]
[Black "Rudd, Jack"]
[Result "1-0"]
[ECO "A30"]
[WhiteElo "2466"]
[BlackElo "2275"]
[Annotator "ChessBase"]
[PlyCount "75"]
[EventDate "2019.07.27"]
[EventType "swiss"]
[EventCountry "GBR"]
[SourceTitle "playchess.com"]
[Source "ChessBase"]
[SourceQuality "1"]
[TimeControl "40/5400+30:1800+30"]

1. Nf3 Nf6 2. b3 g6 3. Bb2 Bg7 4. e3 O-O 5. Be2 c5 6. O-O Nc6 7. c4 b6 8. d4 cxd4 9. Nxd4 Bb7 10. Bf3 Rc8 11. Nc3 a6 12. Rc1 d6 13. Qd2 Nd7 14. Rfd1 Nde5 15. Be2 Nxd4 16. exd4 Nc6 17. Bf3 Rb8 18. Ne2 e5 19. Ba3 Re8 20. dxe5 dxe5 21. Bd5 Qf6 22. Qe3 Nd4 23. Bxb7 Nxe2+ 24. Qxe2 Rxb7 25. Qe4 Rbb8 26. Rd6 Qg5 27. Rcd1 Bf8 28. Bc1 Qe7 29. Rd7 Qe6 30. Qd5 h5 31. h3 Qxd5 32. R1xd5 Re6 33. a4 Bc5 34. Bb2 f6 35. Bc3 a5 36. Bxa5 Bxf2+ 37. Kxf2 bxa5 38. Rxa5 1-0

[Event "106th British-ch 2019"]
[Site "Torquay"]
[Date "2019.07.30"]
[Round "4.14"]
[White "Bradbury, Neil H"]
[Black "Taylor, Adam C"]
[Result "1/2-1/2"]
[ECO "E05"]
[WhiteElo "2322"]
[BlackElo "2402"]
[Annotator "NA"]
[PlyCount "71"]
[EventDate "2019.07.27"]
[EventType "swiss"]
[EventCountry "GBR"]
[SourceTitle "playchess.com"]
[Source "ChessBase"]
[SourceQuality "1"]
[TimeControl "40/5400+30:1800+30"]

1. d4 Nf6 2. c4 e6 3. Nf3 d5 4. g3 Be7 5. Bg2 O-O 6. O-O dxc4 7. Ne5 Nc6 8. Nxc6 bxc6 9. Na3 Bxa3 10. bxa3 Nd5 11. Qc2 Ba6 12. a4 c5 13. dxc5 Qf6 14. Bb2 c3 15. Ba3 Rab8 16. Rab1 Qd4 17. c6 Rxb1 18. Rxb1 Re8 19. Bf1 Qg4 20. Bc1 Qc4 21. Ba3 Qxc6 22. Rc1 h6 23. Bg2 Qc4 24. e4 Nf6 25. Bf1 Qc6 26. Qxc3 Qxc3 27. Rxc3 Bxf1 28. Kxf1 Nxe4 29. Rxc7 Rd8 30. Bb4 Rd1+ 31. Ke2 Rb1 32. a3 Rb2+ 33. Ke3 Nf6 34. Rxa7 Nd5+ 35. Kf3 Nxb4 36. axb4 1/2-1/2

[Event "106th British-ch 2019"]
[Site "Torquay"]
[Date "2019.07.30"]
[Round "4.15"]
[White "Derakhshani, Borna"]
[Black "Pigott, John C"]
[Result "0-1"]
[ECO "A01"]
[WhiteElo "2300"]
[BlackElo "2384"]
[Annotator "NA"]
[PlyCount "36"]
[EventDate "2019.07.27"]
[EventType "swiss"]
[EventCountry "GBR"]
[SourceTitle "playchess.com"]
[Source "ChessBase"]
[SourceQuality "1"]
[TimeControl "40/5400+30:1800+30"]

1. b3 e5 2. Bb2 Nc6 3. e3 Nf6 4. Bb5 Bd6 5. Na3 e4 6. Nc4 Be7 7. Bxc6 dxc6 8. Ne2 O-O 9. O-O c5 10. Ne5 Re8 11. d3 Bd6 12. dxe4 Nxe4 13. Nc4 Bf8 14. Nf4 Nd6 15. Ne5 b6 16. Qh5 f6 17. Neg6 hxg6 18. Qd5+ Be6 0-1

[Event "106th British-ch 2019"]
[Site "Torquay"]
[Date "2019.07.30"]
[Round "4.16"]
[White "Lane, Gary W"]
[Black "Brewer, Callum D"]
[Result "1/2-1/2"]
[ECO "B17"]
[WhiteElo "2364"]
[BlackElo "2086"]
[Annotator "NA"]
[PlyCount "68"]
[EventDate "2019.07.27"]
[EventType "swiss"]
[EventCountry "GBR"]
[SourceTitle "playchess.com"]
[Source "ChessBase"]
[SourceQuality "1"]
[TimeControl "40/5400+30:1800+30"]

1. e4 c6 2. d4 d5 3. Nd2 dxe4 4. Nxe4 Nd7 5. Bc4 Ngf6 6. Ng5 e6 7. Qe2 Nb6 8. Bb3 h6 9. N5f3 a5 10. a4 c5 11. Bf4 Bd6 12. Bg3 O-O 13. dxc5 Bxg3 14. hxg3 Nbd7 15. Ne5 Nxc5 16. Bc4 b6 17. Ngf3 Bb7 18. g4 Nfe4 19. Rh5 Nf6 20. Rh2 Nfe4 21. Bb5 Rc8 22. c3 Qc7 23. Kf1 f6 24. Ng6 Nxc3 25. bxc3 Bxf3 26. Qxf3 Qxh2 27. g3 Nb3 28. Rd1 Rcd8 29. Bd3 Rf7 30. Qe4 f5 31. Qxe6 Qh1+ 32. Ke2 Nc1+ 33. Rxc1 Qxc1 34. Ne7+ Kf8 1/2-1/2